 Dungeon Crawl Stone Soup version 5.7-8-g3a8b389 (webtiles) character file.

41 abdallah the Fighter (level 11, -7/127 HPs) *CASUAL*
             Began as a Titan Transmuter on Sept 6, 2018.
             Mangled by an orc warrior
             ... wielding a +0 glaive
              (12 damage)
             ... in a bailey.
             The game lasted 00:23:53 (9729 turns).

abdallah the Fighter (Titan Transmuter)             Turns: 9729, Time: 00:23:54

Health: -7/127     AC:  2 (0%)Str: 15   XL:     11   Next: 50%
Magic:  17/17      EV: 21    Int: 23    God:
Gold:   553        SH:  0    Dex: 19    Spells: 7/22 levels left

rFire    . . .     SeeInvis .     - Unarmed
rCold    + . .     Faith    .   (shield currently unavailable)
rNeg     . . .     Spirit   .   a - +0 robe
rPois    .         Reflect  .   (helmet restricted)
rElec    +                      (no cloak)
rCorr    .                      (gloves unavailable)
MR       ++...                  (boots unavailable)
Stlth    +.........             (no amulet)
Regen    0.4/turn               r - +3 ring of evasion
MPRegen  0.3/turn               s - ring of ice

@: blade hands
A: unfitting armour, agile, high mp 1, magic resistance 1, electricity
resistance
a: End Transformation


You were in a bailey.
You were not hungry.
You had blades for hands.
You visited 1 branch of the dungeon, and saw 9 of its levels.
You also visited: Bailey.

You collected 553 gold pieces.

Inventory:

Missiles
 b - 114 tomahawks (quivered)
 n - 13 frenzy darts
 v - 111 poisoned darts
 x - 3 tomahawks of dispersal
Armour
 a - a +0 robe (worn)
 w - a +0 pair of gloves
Jewellery
 r - a +3 ring of evasion (left scythe-like blade)
 s - a ring of ice (right scythe-like blade)
Wands
 l - a wand of scattershot (2)
 u - a wand of enslavement (6)
Scrolls
 d - 4 scrolls of teleportation
 e - 5 scrolls of amnesia
 f - a scroll of blinking
 j - a scroll of magic mapping
 m - a scroll of enchant weapon
 p - 7 scrolls of enchant armour
Potions
 c - a potion of heal wounds
 g - 5 potions of lignification
 h - 3 potions of augmentation
 i - 3 potions of haste
 k - a potion of cancellation
 o - a potion of flight
 q - a potion of invisibility
 t - a potion of magic


   Skills:
 + Level 13.5 Fighting
 + Level 9.9 Dodging
 - Level 3.0 Unarmed Combat
 + Level 7.2 Hexes
 - Level 7.0 Transmutations


You had 7 spell levels left.
You knew the following spells:

 Your Spells              Type           Power        Failure   Level  Hunger
a - Beastly Appendage     Tmut           32 (50)      1%          1    N/A
b - Passwall              Tmut/Erth      16 (200)     5%          2    N/A
c - Blade Hands           Tmut           32 (200)     24%         5    N/A
d - Darkness              Hex            33 (200)     100%        7    N/A

Your spell library contained the following spells:

 Spells                   Type           Power        Failure   Level  Hunger
 Apportation              Tloc           0 (1000)     16%         1    N/A
 Invisibility             Hex            33 (200)     100%        7    N/A
 Animate Dead             Necr           0 (200)      83%         4    N/A
 Control Undead           Necr           0 (200)      83%         4    N/A
 Sublimation of Blood     Necr           0 (200)      24%         2    N/A
 Tukima's Dance           Hex            33 (100)     2%          3    N/A
 Recall                   Summ/Tloc      N/A          43%         3    N/A
 Spider Form              Tmut           32 (200)     2%          3    N/A
 Ice Form                 Ice/Tmut       24 (100)     36%         4    N/A
 Death Channel            Necr           0 (200)      100%        6    N/A
 Shadow Creatures         Summ           N/A          100%        6    N/A
 Ignite Poison            Fire/Tmut      16 (100)     11%         3    N/A
 Ensorcelled Hibernation  Hex/Ice        25 (50)      5%          2    N/A
 Summon Butterflies       Summ           0 (100)      16%         1    N/A
 Silence                  Hex/Air        16 (200)     34%         4    N/A
 Shatter                  Erth           0 (200)      100%        9    N/A
 Static Discharge         Air            0 (100)      43%         3    N/A
 Alistair's Intoxication  Tmut           32 (100)     24%         5    N/A
 Petrify                  Tmut/Erth      16 (100)     36%         4    N/A
 Tornado                  Air            0 (200)      100%        9    N/A
 Fulminant Prism          Air            0 (200)      99%         5    N/A
 Irradiate                Tmut           32 (200)     24%         5    N/A
 Cigotuvi's Embrace       Necr           0 (200)      100%        6    N/A
 Lesser Beckoning         Tloc           0 (100)      43%         3    N/A
 Ignition                 Fire           0 (200)      100%        8    N/A

Dungeon Overview and Level Annotations

Branches:
Dungeon (9/15)

Annotations:
D:8 1 runed door


Innate Abilities, Weirdness & Mutations

You are too large for most types of armour.
You have an increased reservoir of magic. (+10% MP)
You are resistant to electric shocks. (rElec)
You are agile. (Dex +5)
You are resistant to hostile enchantments. (MR+)


Message History

The orc shouts!
You enter the deep water.
You start swimming.
Moving in this stuff is going to be slow.
The centaur shouts!
The centaur throws a tomahawk of dispersal.
The tomahawk of dispersal closely misses you (0).
The tomahawk of dispersal barely misses the orc warrior (0).
The orc warrior misses you. x2
The centaur throws a tomahawk of dispersal.
The tomahawk of dispersal closely misses you (0).
The tomahawk of dispersal hits the orc warrior but does no damage.
The orc warrior barely misses you. x2
The orc warrior hits you from afar with a +0 glaive (21)!!
* * * LOW HITPOINT WARNING * * *
You enter the deep water.
You start swimming.
Moving in this stuff is going to be slow.
The orc warrior hits you from afar with a +0 glaive (23)!!
* * * LOW HITPOINT WARNING * * *
The orc warrior hits you from afar with a +0 glaive (12)!
You die...

...≈≈≈"≈≈≈.....≈.≈≈#
...≈≈≈?≈≈≈.....≈.≈≈#
...≈≈≈≈≈≈≈.....≈.≈≈#
o≈≈≈≈....≈≈c≈≈#
≈≈≈≈....o≈.≈≈≈#
≈o≈≈..⌠o≈≈o≈≈≈#
≈≈≈....c≈o≈≈≈≈#
......≈≈≈.≈≈≈≈#
....≈≈≈..≈≈@≈≈#
≈.≈≈≈..≈≈≈≈≈≈≈#
..c..≈≈≈≈≈≈≈≈##
≈≈≈≈≈≈≈≈≈≈≈##
≈≈≈≈≈≈≈≈≈≈##
##########


You could see 3 orc warriors, 2 centaurs and an orc.

Vanquished Creatures
  A black mamba (D:9)
  2 wyverns
  Menkaure (D:6)
  4 water moccasins (D:8)
  6 soldier ants (D:8)
  8 orc warriors
  A wasp (D:7)
  A spiny frog skeleton (D:8)
  A black bear (D:8)
  4 ogres
  4 centaurs
  A bullfrog (D:4)
  A water moccasin zombie (D:6)
  A wyvern zombie (D:5)
  2 wyvern skeletons (D:9)
  3 scorpions
  13 killer bees
  3 crimson imps
  3 wights (D:8)
  2 howler monkeys
  A centaur zombie (D:5)
  A bullfrog zombie (D:6)
  2 orc priests (D:8)
  A bullfrog skeleton (D:6)
  3 hounds
  A centaur skeleton (D:5)
  7 worker ants
  4 orc wizards
  3 iguanas
  A hound skeleton (D:7)
  Samantha (D:4)
  12 adders
  3 shadow imps
  An adder skeleton (D:5)
  2 dart slugs
  36 orcs
  4 quokkas
  2 ball pythons
  12 bats
  2 bat zombies (D:6)
  3 giant cockroaches
  17 goblins
  13 hobgoblins
  15 jackals
  6 kobolds
  5 frilled lizards
  A quokka skeleton (D:4)
  15 rats
  2 rat zombies (D:6)
  A spectral orc (D:5)
239 creatures vanquished.

Notes
Turn   | Place    | Note
-------+----------+-------------------------------------------
     0 | D:1      | abdallah the Titan Transmuter began the quest for the Orb.
     0 | D:1      | Reached XP level 1. HP: 19/19 MP: 4/4
     2 | D:1      | Noticed a ghoul
     2 | D:1      | Noticed an elf
     4 | D:1      | Noticed a merfolk
     4 | D:1      | Noticed a jiangshi
     6 | D:1      | Noticed a gargoyle
     6 | D:1      | Noticed a centaur
     8 | D:1      | Noticed an octopode
     8 | D:1      | Noticed a dwarf
    10 | D:1      | Noticed an ogre
    10 | D:1      | Noticed a spriggan
    12 | D:1      | Noticed a tengu
    12 | D:1      | Noticed a skeletal warrior
    14 | D:1      | Noticed a draconian
    16 | D:1      | Noticed a demigod
    16 | D:1      | Noticed a troll
    18 | D:1      | Noticed a naga
    18 | D:1      | Noticed a demonspawn
    20 | D:1      | Noticed a vine stalker
    20 | D:1      | Noticed a formicid
    24 | D:1      | Noticed a human
    26 | D:1      | Noticed a minotaur
   109 | D:1      | Reached skill level 2 in Fighting
   109 | D:1      | Reached XP level 2. HP: 24/28 MP: 5/5
   359 | D:1      | Reached XP level 3. HP: 21/36 MP: 7/7
   825 | D:1      | Gained mutation: You are agile. (Dex +5) [mutagenic hatch]
   868 | D:2      | Reached skill level 3 in Fighting
   868 | D:2      | Reached XP level 4. HP: 43/45 MP: 9/9
   917 | D:2      | Found a faded altar of an unknown god.
  1392 | D:2      | Found a deep blue altar of Sif Muna.
  1446 | D:2      | Found a white marble altar of Elyvilon.
  1549 | D:2      | Reached skill level 4 in Fighting
  1549 | D:2      | Reached XP level 5. HP: 47/54 MP: 11/11
  1551 | D:2      | Learned a level 2 spell: Passwall
  1552 | D:2      | Learned a level 5 spell: Blade Hands
  1770 | D:2      | Gained mutation: You are resistant to hostile enchantments. (MR+) [mutagenic hatch]
  1796 | D:3      | Found a glowing golden altar of the Shining One.
  1969 | D:3      | Found a snail-covered altar of Cheibriados.
  1981 | D:3      | Found a radiant altar of Vehumet.
  1981 | D:3      | Found an opulent altar of Gozag.
  2088 | D:3      | Found an iron altar of Okawaru.
  2088 | D:3      | Found a white marble altar of Elyvilon.
  2149 | D:3      | Reached skill level 5 in Fighting
  2149 | D:3      | Reached XP level 6. HP: 19/66 MP: 13/13
  2512 | D:3      | Found a sparkling altar of Nemelex Xobeh.
  2899 | D:3      | Reached XP level 7. HP: 56/72 MP: 15/15
  3377 | D:3      | Reached skill level 6 in Fighting
  3472 | D:4      | Found a sacrificial altar of Ru.
  3508 | D:4      | Noticed Samantha
  3533 | D:4      | Killed Samantha
  3533 | D:4      | Reached skill level 5 in Transmutations
  3898 | D:4      | Found a hide-covered altar of Uskayaw.
  4014 | D:4      | Found a glowing silver altar of Zin.
  4079 | D:4      | Reached skill level 7 in Fighting
  4079 | D:4      | Reached skill level 5 in Dodging
  4079 | D:4      | Reached XP level 8. HP: 45/87 MP: 17/17
  4283 | D:4      | Noticed a moth of wrath
  4286 | D:4      | Found a bloodstained altar of Trog.
  4689 | D:4      | Found a shimmering altar of Xom.
  4869 | D:5      | Entered Level 5 of the Dungeon
  5093 | D:5      | Reached skill level 8 in Fighting
  5419 | D:5      | Reached XP level 9. HP: 92/97 MP: 11/11
  5428 | D:5      | Reached skill level 9 in Fighting
  5438 | D:5      | Found a shadowy altar of Dithmenos.
  5528 | D:5      | Reached skill level 1 in Hexes
  5737 | D:5      | Found a burning altar of Makhleb.
  5762 | D:5      | Found a basalt altar of Yredelemnul.
  5891 | D:6      | Noticed Menkaure
  5898 | D:6      | Killed Menkaure
  5973 | D:6      | Learned a level 7 spell: Darkness
  5981 | D:6      | Found an ancient bone altar of Kikubaaqudgha.
  6026 | D:6      | Found a corrupted altar of Lugonu.
  6278 | D:6      | Reached skill level 10 in Fighting
  6508 | D:7      | Found a stormy altar of Qazlal.
  6687 | D:7      | Found an ornate altar of the Wu Jian Council.
  6799 | D:7      | Reached XP level 10. HP: 39/111 MP: 15/15
  7095 | D:7      | Found a viscous altar of Jiyva.
  7248 | D:8      | Reached skill level 11 in Fighting
  7502 | D:8      | Found a runed gate.
  7507 | D:8      | Found a runed door.
  7712 | D:8      | Reached skill level 5 in Hexes
  7797 | D:8      | Found a runed gate.
  7808 | D:8      | Found a runed gate.
  7821 | D:8      | Found a runed door.
  8043 | D:8      | Reached skill level 12 in Fighting
  8323 | D:8      | Reached XP level 11. HP: 67/124 MP: 17/17
  8984 | D:9      | Reached skill level 13 in Fighting
  9037 | D:9      | Found a flagged portal.
  9050 | Bailey   | Entered a bailey
  9728 | Bailey   | HP: 4/127 [orc warrior/+0 glaive (23)]
  9729 | Bailey   | Mangled by an orc warrior

Skill      XL: |  1  2  3  4  5  6  7  8  9 10 11 |
---------------+----------------------------------+-----
Dodging        | 2 3 4 5 6 7 9 |  9.9
Fighting       | 2 3 4 5 7 8 10 12 13 | 13.5
Transmutations | 3 4 5 6 7 |  7.0
Hexes          | 3 6 7 |  7.2
Unarmed Combat | |  3.0

Action                   |  1- 3 |  4- 6 |  7- 9 | 10-12 || total
-------------------------+-------+-------+-------+-------++-------
Melee: Unarmed           |    69 |   170 |   259 |   214 ||   712
       Kick              |    17 |    59 |    61 |       ||   137
       Punch             |     1 |       |     2 |     3 ||     6
 Cast: Beastly Appendage |     1 |       |       |       ||     1
       Blade Hands       |       |       |     1 |       ||     1
  Use: Potion            |       |       |       |     2 ||     2
       Scroll            |       |       |       |     1 ||     1
 Stab: Sleeping          |     3 |     2 |     3 |     3 ||    11
Armor: Robe              |    22 |    24 |    20 |     5 ||    71
Dodge: Dodged            |    37 |   111 |   146 |   230 ||   524
